 Dungeon Crawl Stone Soup version 0.29-a0-780-g652cadfb38 (webtiles) character file.

Game seed: 11930169306072760945

1 Garessta the Vexing (level 1, 0/7 HPs)
             Began as a Felid Enchanter on July 2, 2022.
             Slain by a jackal (3 damage)
             ... on level 1 of the Dungeon.
             The game lasted 00:01:25 (428 turns).

Garessta the Vexing (Felid Enchanter)                Turns: 428, Time: 00:01:26

Health: 0/7        AC:  1    Str:  4    XL:     1   Next: 16%
Magic:  4/4        EV: 17    Int: 16    God:
Gold:   0          SH:  0    Dex: 16    Spells: 4/4 levels left
                                        Lives:  0   Deaths: 0

rFire   . . .      SeeInvis +     - Unarmed
rCold   . . .      Faith    .   (shield unavailable)
rNeg    . . .      Spirit   .   (body armour unavailable)
rPois   .          Reflect  .   (helmet unavailable)
rElec   .          Harm     .   (cloak unavailable)
rCorr   .          Rampage  .   (gloves unavailable)
Will    .....                   (boots unavailable)
Stlth   +++.......              (no amulet)
HPRegen 0.02/turn               (no ring)
MPRegen 0.09/turn               (no ring)

@: quick
A: very small, claws 1, fangs 3, see invisible, speed 1, shaggy fur 1, stealthy
paws, no weapons or thrown items, no armour, multi-lived
a: no special abilities


You were on level 1 of the Dungeon.
You visited 1 branch of the dungeon, and saw 1 of its levels.

Inventory:

Scrolls
 c - a scroll of poison {unknown}
 d - a scroll of fog {unknown}
Potions
 a - 2 potions of invisibility
 b - a potion of heal wounds {unknown}


   Skills:
 + Level 0.1 Fighting
 - Level 2.6 Dodging
 - Level 4.0 Stealth
 * Level 1.1 Unarmed Combat
 - Level 2.0 Spellcasting
 + Level 4.4 Hexes


You had 4 spell levels left.
You didn't know any spells.
Your spell library contained the following spells:

 Spells                   Type           Power      Damage    Failure   Level
 Confusing Touch          Hex            15%        N/A       10%         3
 Tukima's Dance           Hex            15%        N/A       10%         3
 Ensorcelled Hibernation  Hex/Ice        16%        N/A       13%         2
 Dazzling Flash           Conj/Hex       16%        N/A       26%         3
 Passwall                 Tmut/Erth      0%         N/A       30%         2
 Swiftness                Air            1%         N/A       52%         3


Dungeon Overview and Level Annotations

Branches:
Dungeon (1/15)

Altars:


Innate Abilities, Weirdness & Mutations

You have sharp claws.
You have razor-sharp teeth.
You have supernaturally acute eyesight. (SInv)
You cover ground quickly. (Speed+)
You are covered in fur. (AC +1)
Your paws help you pounce on unaware monsters.
You are incapable of wielding weapons or throwing items.
You cannot wear armour.
You gain extra lives every three experience levels.


Message History

You scratch the ball python.
The ball python is moderately wounded.
The ball python misses you. The ball python grabs you.
The ball python constricts you. The ball python barely misses you.
The ball python constricts you.
You scratch the ball python.
You kill the ball python!
Found a stone staircase leading down.
There is a stone staircase leading down here.
You pick up a book of Burglary and begin reading...
You add the spells Passwall and Swiftness to your library.
Found 4 stones.
c - a scroll labelled ASTILU NA PUFY;
d - a scroll labelled JEUMINU WABECZO 2 jackals come into view.
The jackal closely misses you.
You scratch the jackal. You bite the jackal.
The jackal is almost dead.
The jackal closely misses you.
You barely miss the jackal. Your claw misses the jackal.
The jackal is almost dead.
The jackal completely misses you.
You barely miss the jackal.
The jackal is almost dead.
The jackal bites you. The jackal closely misses you.
You barely miss the jackal.
The jackal is almost dead.
The jackal misses you.
You barely miss the jackal.
The jackal is almost dead.
The jackal bites you. x2
You barely miss the jackal.
The jackal is severely wounded.
The jackal closely misses you.
You scratch the jackal.
The jackal is almost dead.
The jackal misses you.
You scratch the jackal but do no damage.
The jackal is almost dead.
The jackal bites you.
You die...

..≈≈≈≈≈≈≈.....'..........#
.≈≈≈≈≈≈≈≈≈....##########.#
############### #.# ...
#.# #.# #.# ..# #.# #h#
#.# #h# #.# #@####### #.#
#(......# #.#
#.#####.########.#
#.#####.......>..#
#............#####
#.#####.#.##.# #.#
#..#.#.# #.. ...###..# ##
##.## #..


You could see 2 jackals.

Vanquished Creatures
  A ball python (D:1)
1 creature vanquished.

Notes
Turn   | Place    | Note
-------+----------+-------------------------------------------
     0 | D:1      | Garessta the Felid Enchanter began the quest for the Orb.
     0 | D:1      | Reached XP level 1. HP: 7/7 MP: 4/4
   428 | D:1      | Slain by a jackal

Illustrated notes

Levels and vault maps discovered:
D:1:      nzn_arrival_depleted_hourglass, layout_loops_ring, serial_rivers,
          chequers_serial_rivers_micro_c, chequers_serial_rivers_micro_b,
          chequers_serial_rivers_micro_c, chequers_serial_rivers_small_3,
          chequers_serial_rivers_large_a, shapermc_ecumenical_altar_venn

Action                   || total
-------------------------++-------
Melee: Unarmed           ||    14
       Bite              ||     1
Dodge: Dodged            ||    12

Table legend: (Time is in decaauts)
 A = Elapsed time spent in this place.
 B = Non-inter-level travel time spent in this place.
 C = Inter-level travel time spent in this place.
 D = Time resting spent in this place.
 E = Time spent auto-exploring this place.
 F = Levels seen in this place.
 G = Mean time per level.
                   A        B        C        D        E       F      G
               +--------+--------+--------+--------+--------+-----+--------+
         Total |    387 |    387 |      0 |    164 |    100 |   1 |  387.0 |
       Dungeon |    387 |    387 |      0 |    164 |    100 |   1 |  387.0 |
               +--------+--------+--------+--------+--------+-----+--------+

Top non-repeatable levels by time:
     D:1: 387 daAuts
